 Dungeon Crawl Stone Soup version 0.17-a0-776-gd86b262 (webtiles) character file.

277258 abixa the Bludgeoner (level 20, -3/213 HPs)
             Began as an Ogre Wizard on Apr 23, 2015.
             Was the Champion of Okawaru.
             Killed from afar by an ancient champion (34 damage)
             ... with an iron shot
             ... on level 3 of the Vaults on Apr 24, 2015.
             The game lasted 04:56:06 (60641 turns).

abixa the Bludgeoner (Ogre Wizard)                 Turns: 60641, Time: 04:56:06

Health: -3/213     AC: 19    Str: 25    XL:     20   Next: 39%
Magic:  20/31      EV:  7    Int: 17    God:    Okawaru [******]
Gold:   3927       SH:  0    Dex: 10    Spells: 7 memorised, 5 levels left

rFire  + . .     SeeInvis +     a - +11 giant club of Offence {pain, rF+ rC- Str+8 Stlth+}
rCold  . . .     Clarity  .     j - +7 swamp dragon armour
rNeg   + . .     SustAb   .     (no shield)
rPois  +         Gourm    .     U - +1 hat {SInv}
rElec  +         Spirit   .     O - +0 cloak {MR+}
rCorr  .         Warding  +     (gloves unavailable)
rMut   .         Stasis   .     (boots unavailable)
MR     +++..                    H - amulet of the Raven {Ward rElec rN+ Dex-4 SInv}
Stlth  +.........               t - +4 ring of slaying
                                s - ring of protection from cold

@: heavily drained, extremely resistant to hostile enchantments, very unstealthy
A: unfitting armour, tough skin 1
a: Heroism, Finesse, Renounce Religion
}: 2/15 runes: decaying, gossamer


You were on level 3 of the Vaults.
You worshipped Okawaru.
Okawaru was exalted by your worship.
You were hungry.

You visited 7 branches of the dungeon, and saw 41 of its levels.
You also visited: Ossuary, Ice Cave and Volcano.

You collected 4274 gold pieces.
You spent 347 gold pieces at shops.

Inventory:

Hand weapons
 a - the +11 giant club of Offence (weapon) {pain, rF+ rC- Str+8 Stlth+}
   (Okawaru gifted it to you on level 4 of the Lair of Beasts)

   In the hands of one skilled in necromantic magic, it inflicts extra damage on
   living creatures.
   It affects your strength (+8).
   It protects you from fire.
   It makes you vulnerable to cold.
   It makes you more stealthy.
 b - a +6 blowgun
 F - the +2 dire flail of the Hummingbird {crush, rC++ Dex-4}
   (Okawaru gifted it to you on level 1 of the Vaults)

   It inflicts extra damage upon your enemies.
   It affects your dexterity (-4).
   It greatly protects you from cold.
Missiles
 u - 7 tomahawks of dispersal
 I - 82 large rocks (quivered)
 K - a throwing net
 R - 5 javelins of penetration
 X - 7 silver javelins
 Z - 24 tomahawks
Armour
 j - a +7 swamp dragon armour (worn)
 O - a +0 cloak of magic resistance (worn)
 U - a +1 hat of see invisible (worn)
Rods
 h - a +6 rod of clouds (14/14)
   (You found it on level 8 of the Lair of Beasts)
Jewellery
 m - an uncursed ring of protection from fire
 s - a ring of protection from cold (left hand)
 t - a +4 ring of slaying (right hand)
 y - an uncursed amulet of stasis
 H - the amulet of the Raven (around neck) {Ward rElec rN+ Dex-4 SInv}
   (You took it off a goblin on level 4 of the Dungeon)

   [amulet of warding]

   It may prevent the melee attacks of summoned creatures.
   It affects your dexterity (-4).
   It insulates you from electricity.
   It protects you from negative energy.
   It enhances your eyesight.
 L - an uncursed amulet of resist mutation
 M - an uncursed amulet of regeneration
 W - an uncursed ring of protection from fire
Magical devices
 f - a wand of disintegration (18)
 N - a wand of paralysis (12)
 P - a wand of polymorph (12)
Scrolls
 c - a scroll of silence
 e - 5 scrolls of blinking
 i - 6 scrolls of identify
 l - 23 scrolls of teleportation
 p - a scroll of vulnerability
 q - 2 scrolls of fog
 w - 9 scrolls of remove curse
 x - a scroll of magic mapping
 G - 4 scrolls of immolation
 J - a scroll of brand weapon
 Q - a scroll of fear
 S - a scroll of enchant armour
 V - 3 scrolls of summoning
Potions
 d - a potion of invisibility
 g - 11 potions of might
 k - 2 potions of magic
 r - a potion of brilliance
 v - 22 potions of curing
 z - 5 potions of resistance
 A - 6 potions of heal wounds
 D - 8 potions of agility
 E - 4 potions of haste
 T - 3 potions of berserk rage
 Y - 5 potions of flight
Miscellaneous
 n - a lamp of fire
Comestibles
 o - 4 bread rations
 B - 12 beef jerkies
 C - a slice of pizza


   Skills:
 - Level 16.0(12.7) Fighting
 - Level 20.0(16.4) Maces & Flails
 - Level 12.0(9.0) Throwing
 - Level 11.0(8.0) Armour
 - Level 11.0(8.0) Dodging
 - Level 1.5(0.0) Stealth
 - Level 3.6(1.2) Spellcasting
   Level 0.6(0.0) Conjurations
 - Level 5.0(2.5) Hexes
   Level 0.6(0.0) Summonings
 - Level 7.0(4.3) Translocations
 - Level 1.2(0.0) Invocations
 + Level 15.8(12.5) Evocations


You had 5 spell levels left.
You knew the following spells:

 Your Spells              Type           Power        Failure   Level  Hunger
a - Apportation           Tloc           ###.......   6%          1    ##.....
b - Blink                 Tloc           N/A          10%         2    ###....
c - Slow                  Hex            #.......     17%         2    ###....
d - Gell's Gravitas       Hex/Tloc       ##........   24%         3    ####...
e - Cause Fear            Hex            #.........   93%         4    #####..
f - Tukima's Dance        Hex            #.......     34%         3    ####...
g - Invisibility          Hex            #.......     100%        6    #######


Dungeon Overview and Level Annotations

Branches:
Dungeon (15/15) Temple (1/1) D:7 Lair (8/8) D:8 Swamp (5/5) Lair:5 Spider (5/5) Lair:6 Slime (0/6) Lair:8 Orc (4/4) D:9 Elf (0/3) Orc:3 Vaults (3/5) D:13 Crypt (0/3) Vaults:2 Vaults:3 Depths (0/5) D:15

Altars:
Ashenzari
Cheibriados
Dithmenos
Elyvilon
Fedhas
Gozag
Kikubaaqudgha
Makhleb
Nemelex Xobeh
Okawaru
Qazlal
Ru
Sif Muna
Trog
Vehumet
Xom
Yredelemnul
Zin
The Shining One

Shops:
D:4 !   D:5 !([}=   D:9 %   D:13 :   D:14 (   Orc:4 %(%!   Vaults:1 !

Annotations:
Swamp:2 exclusion: Roxanne, Roxanne
Spider:1 !fly?


Innate Abilities, Weirdness & Mutations

You are too large for most types of armour.
You have tough skin (AC +1).


Message History

You blink.
The eidolon radiates an aura of fear!
You resist with almost no effort.
The deep elf death mage casts a spell at you.
The bolt of negative energy hits you! You partially resist.
You feel drained.
* * * LOW HITPOINT WARNING * * *
The deep elf death mage points at you and mumbles some strange words.
The bolt of negative energy hits you! You partially resist.
You feel drained.
* * * LOW HITPOINT WARNING * * *
There is a stone staircase leading up here.
Press: ? - help, v - describe, . - travel
Here: an ancient champion, wielding a battleaxe of chopping and wearing a chain mail (lightly damaged, fast)
The floor.
Unknown command.
Drink which item? (? for menu, Esc to quit)
You feel much better.
The ancient champion hits you with a battleaxe of chopping!
* * * LOW HITPOINT WARNING * * *
x2 The ancient champion gestures at you while chanting.
The iron shot hits you!
You die...

+.....(...######
#.......(......#
#....#.......#.#
####(..........#
#.(.8###8...##
#..ยง##
##..W.####
#...(.>.#..e....#
#...##.##....z..#
#...8###8.....@.#
#...............#
#.#.......#.....#
#...............#
#...............#
########'######
######...######
#...##.8.##.[.#
##
#.#..#...#..#.#


You could see an eidolon, an ancient champion and a deep elf death mage.

Vanquished Creatures
  Norris (Spider:2)
  Arachne (Spider:2)
  Jorgrun (Swamp:4)
  A tentacled monstrosity (Swamp:5)
  2 sphinxes (Vaults:2)
  2 storm dragons
  Kirke (D:15)
  4 thorn hunters
  4 ghost moths
  Maud (Lair:4)
  5 vault wardens
  11 emperor scorpions
  A ghoul (Vaults:3)
  A war gargoyle (Vaults:2)
  6 ironheart preservers
  3 stone giants (Vaults:2)
  3 rakshasas (Vaults:1)
  A very ugly thing (Swamp:4)
  A deep elf demonologist (Vaults:2)
  A deep elf annihilator (Vaults:1)
  An ettin (Vaults:3)
  2 fire dragons
  2 deep elf death magi (Vaults:1)
  3 vault guards
  Josephine (D:15)
  2 yaktaur captains
  A great orb of eyes (Vaults:1)
  A hell beast (Vaults:2)
  Fannar (Lair:3)
  2 entropy weavers
  2 ice dragons
  2 ghost crabs
  8 alligators
  3 catoblepae (Lair:8)
  30 hydras
  5 ogre magi
  5 centaur warriors
  2 salamander stormcallers (Vaults:2)
  6 death yaks (Lair:8)
  A tengu warrior (D:13)
  A small abomination (Vaults:1)
  Urug (Lair:3)
  A hell knight (Vaults:2)
  A vampire mage (Vaults:2)
  4 orc high priests
  A fire crab (Vaults:2)
  Nergalle (Lair:3)
  3 skeletal warriors (Vaults:1)
  A wizard (Vaults:2)
  An unseen horror (D:10)
  A flayed ghost (Vaults:2)
  A spriggan druid (Swamp:5)
  9 orc knights
  A deep troll (Vaults:1)
  2 shambling mangroves
  12 swamp dragons
  2 ice statues (IceCv)
  3 giant orange brains
  A harpy (shapeshifter) (Vaults:2)
  12 hill giants
  3 oklob plants
  7 orc sorcerers
  10 ironbrand convokers
  20 ugly things
  An orb spider (shapeshifter) (Vaults:2)
  2 griffons
  A lindwurm (D:15)
  A necromancer (Vaults:1)
  24 orb spiders
  30 wolf spiders
  A mana viper (shapeshifter) (D:15)
  A hornet (Swamp:3)
  2 manticores
  A moth of wrath (Spider:5)
  6 cyclopes
  A sixfirhy (Vaults:2)
  A sphinx skeleton (Vaults:1)
  4 black mambas
  5 elephants (Lair:6)
  A smoke demon (Volcano)
  A gargoyle (D:12)
  15 spiny frogs
  2 torpor snails
  A centaur skeleton (D:13)
  12 demonic crawlers
  A human zombie (Vaults:1)
  9 vault sentinels
  A kobold demonologist (D:13)
  2 fire drakes
  An efreet (D:14)
  15 yaktaurs
  21 jumping spiders
  11 komodo dragons
  A fire vortex (Vaults:2)
  A polar bear (Lair:8)
  A red devil (Volcano)
  A queen bee (D:14)
  Grinder (D:3)
  7 giant leeches
  11 two-headed ogres
  A baby alligator (shapeshifter) (D:15)
  5 baby alligators
  16 blink frogs
  9 boulder beetles
  5 wraiths
  6 trolls
  54 slime creatures
  8 ravens
  24 trapdoor spiders
  2 shadows
  5 bog bodies
  35 redbacks
  Sigmund (D:5)
  A centaur simulacrum (D:14)
  The ghost of oplop the Ruffian, an average TrWr (D:3)
  A tarantella (shapeshifter) (Vaults:1)
  The ghost of oplop the Gusty, an average TeAE (D:4)
  3 vampires (Vaults:2)
  57 yaks
  3 basilisks
  3 wyverns
  4 deep elf magi
  23 tarantellas
  4 hogs (D:15)
  A human (D:9)
  3 spriggans
  33 vampire mosquitoes
  4 deep elf fighters
  A steam dragon (D:8)
  15 wolves
  5 hippogriffs
  A warg (Orc:2)
  27 swamp worms
  Menkaure (D:5)
  Edmund (D:4)
  2 soldier ants (D:13)
  4 hungry ghosts
  5 insubstantial wisps (Swamp:2)
  4 mottled dragons
  7 porcupines
  Duvessa (D:3)
  27 orc warriors
  17 water moccasins
  A black bear (D:6)
  A hell hound (Volcano)
  44 spiders
  14 swamp drakes
  A black bear (shapeshifter) (Vaults:1)
  12 ice beasts
  5 wasps
  3 phantoms
  2 boring beetles
  17 crocodiles
  3 sky beasts
  5 boggarts (Vaults:2)
  An ettin simulacrum (Vaults:1)
  16 centaurs
  30 ogres
  Blork the orc (D:4)
  A big kobold (D:8)
  A brain worm (D:14)
  10 scorpions
  24 giant frogs
  2 orc simulacra
  A wyvern skeleton (D:10)
  Dowan (D:4)
  A boulder beetle zombie (Vaults:1)
  31 killer bees
  10 wights
  2 vampire bats (Lair:7)
  A human simulacrum (Vaults:2)
  3 electric eels
  10 crimson imps
  A giant frog zombie (D:12)
  5 centaur zombies
  3 hounds
  23 orc priests
  2 jellies
  2 giant frog skeletons
  2 gnoll shamans
  11 iguanas
  42 orc wizards
  2 hell rats (Lair:5)
  Terence (D:2)
  Natasha (thrice) (D:2)
  8 worker ants
  25 sheep
  3 hound skeletons
  13 mummies (Ossuary)
  2 worker ant zombies
  Robin (D:3)
  8 adders
  44 gnolls
  62 river rats
  6 shadow imps
  5 white imps (D:8)
  2 oozes
  An adder skeleton (D:9)
  6 worms
  7 giant geckos
  205 orcs
  4 ball pythons
  22 bats
  23 hobgoblins
  22 jackals
  26 kobolds
  7 giant cockroaches
  2 giant gecko zombies
  4 giant newts
  A gnoll skeleton (Ossuary)
  28 goblins
  4 goblin skeletons (Ossuary)
  2 kobold skeletons (Ossuary)
  An orc skeleton (Ossuary)
  An orc zombie (D:7)
  7 quokkas
  2 quokka skeletons
  11 rats
  11 rat skeletons (Ossuary)
  A rat zombie (D:7)
  2 fungi
  9 plants
1797 creatures vanquished.

Vanquished Creatures (collateral kills)
  2 killer bees (D:14)
2 creatures vanquished.

Vanquished Creatures (others)
  An ugly thing (Vaults:2)
  2 vault sentinels
  A yaktaur (Vaults:2)
  A trapdoor spider (Spider:5)
  A water moccasin (Swamp:4)
  2 orc warriors (Orc:4)
  An ogre (Vaults:2)
  2 lost souls (Vaults:1)
  A killer bee (D:14)
  An orc wizard (Orc:4)
  An orc priest (Orc:4)
  An orc (Orc:4)
  A giant spore (D:13)
  A briar patch (Swamp:5)
  4 fungi
  2 plants
23 creatures vanquished.

Grand Total: 1822 creatures vanquished

Notes
Turn   | Place    | Note
--------------------------------------------------------------
     0 | D:1      | abixa, the Ogre Wizard, began the quest for the Orb.
     0 | D:1      | Reached XP level 1. HP: 16/16 MP: 5/5
    59 | D:1      | Reached skill level 1 in Fighting
   442 | D:1      | Reached skill level 1 in Maces & Flails
   526 | D:1      | Reached XP level 2. HP: 25/27 MP: 0/6
  1319 | D:1      | Reached XP level 3. HP: 31/33 MP: 8/8
  1570 | D:2      | Noticed Natasha
  1580 | D:2      | Killed Natasha
  1580 | D:2      | Reached skill level 4 in Maces & Flails
  1976 | D:2      | Reached XP level 4. HP: 41/41 MP: 1/9
  2128 | D:2      | Noticed Terence
  2220 | D:1      | Learned a level 2 spell: Blink
  2726 | D:2      | Noticed Natasha
  2730 | D:2      | Killed Natasha
  2730 | D:2      | Reached skill level 5 in Maces & Flails
  2879 | D:2      | Noticed Natasha
  2887 | D:2      | Killed Natasha
  3093 | D:2      | Killed Terence
  3093 | D:2      | Reached XP level 5. HP: 42/48 MP: 4/10
  3331 | D:3      | Reached skill level 6 in Maces & Flails
  3449 | D:3      | Found a white marble altar of Elyvilon.
  3459 | D:3      | Noticed Grinder
  3599 | D:3      | Paralysed by Grinder for 2 turns
  3840 | D:3      | Noticed Robin
  3850 | D:3      | Killed Robin
  4032 | D:3      | Noticed oplop's ghost (average TrWr)
  4334 | D:4      | Noticed Blork the orc
  4340 | D:3      | Paralysed by Grinder for 4 turns
  4691 | D:3      | Reached XP level 6. HP: 28/59 MP: 11/11
  5062 | D:4      | Found Woxteal's Distillery.
  5073 | D:4      | Bought a potion of curing for 39 gold pieces
  5073 | D:4      | Bought a potion of degeneration for 13 gold pieces
  5073 | D:4      | Bought a potion of heal wounds for 65 gold pieces
  5126 | D:4      | Noticed Dowan
  5127 | D:4      | Noticed Duvessa
  5163 | D:4      | Killed Dowan
  5644 | D:4      | Reached skill level 5 in Fighting
  5649 | D:4      | Got a slimy zirconium amulet
  5650 | D:4      | Identified the amulet of the Raven {Ward rElec rN+ Dex-4 SInv} (You took it off a goblin on level 4 of the Dungeon)
  5660 | D:4      | Noticed Edmund
  5727 | D:4      | Killed Edmund
  5727 | D:4      | Reached skill level 1 in Translocations
  5727 | D:4      | Reached XP level 7. HP: 62/74 MP: 12/12
  5828 | D:4      | Found a glowing golden altar of the Shining One.
  5866 | D:4      | Noticed oplop's ghost (average TeAE)
  5901 | D:4      | Killed oplop's ghost
  6010 | D:4      | Reached skill level 7 in Maces & Flails
  6842 | D:3      | Noticed an ogre
  6861 | D:2      | Killed an ogre
  6861 | D:2      | Reached skill level 8 in Maces & Flails
  6861 | D:2      | Reached XP level 8. HP: 58/83 MP: 13/13
  7693 | D:3      | Killed oplop's ghost
  8067 | D:3      | Reached skill level 9 in Maces & Flails
  8614 | D:3      | Killed Duvessa
  8709 | D:3      | Killed Grinder
  8709 | D:3      | Reached skill level 10 in Maces & Flails
  8795 | D:3      | Reached XP level 9. HP: 87/89 MP: 14/14
  9187 | D:4      | Killed Blork the orc
  9187 | D:4      | Reached skill level 11 in Maces & Flails
  9444 | D:5      | Entered Level 5 of the Dungeon
  9579 | D:5      | Found Winewn's Antique Armour Boutique.
  9615 | D:5      | Bought a fabulously ornate robe for 96 gold pieces
  9615 | D:5      | Bought a steaming robe for 96 gold pieces
  9625 | D:5      | Identified the cursed +0 robe "Tutaitz" {rF- rCorr Int+6 Stlth+} (You bought it in a shop on level 5 of the Dungeon)
  9660 | D:5      | Found Lihavequ's Gadget Boutique.
  9873 | D:5      | Identified the +5 robe of Xaneir {rElec MP+9 Dex+3} (You bought it in a shop on level 5 of the Dungeon)
  9895 | D:5      | Noticed Sigmund
  9915 | D:5      | Killed Sigmund
  9915 | D:5      | Reached skill level 12 in Maces & Flails
 10022 | D:5      | Found Byukkee's Antique Weapon Shoppe.
 10029 | D:5      | Noticed Menkaure
 10277 | D:6      | Found a deep blue altar of Sif Muna.
 10321 | D:5      | Found Witusir's Jewellery Shop.
 10376 | D:5      | Reached skill level 13 in Maces & Flails
 10448 | D:5      | Found Odue's Distillery.
 10454 | D:5      | Killed Menkaure
 10584 | D:5      | Bought a potion of poison for 13 gold pieces
 11276 | D:6      | Found a shimmering altar of Xom.
 11441 | D:7      | Found a staircase to the Ecumenical Temple.
 11452 | Temple   | Entered the Ecumenical Temple
 11565 | D:7      | Reached skill level 14 in Maces & Flails
 11621 | D:7      | Reached XP level 10. HP: 70/100 MP: 15/15
 11660 | D:7      | Found a sand-covered staircase.
 11679 | Ossuary  | Entered an ossuary
 12520 | Temple   | Became a worshipper of Warmaster Okawaru
 12846 | D:7      | Found a blossoming altar of Fedhas.
 12920 | D:7      | Reached skill level 1 in Throwing
 13839 | D:8      | Acquired Okawaru's first power
 13910 | D:8      | Found a staircase to the Lair.
 13927 | D:8      | Reached skill level 5 in Throwing
 14395 | D:8      | Found a sacrificial altar of Ru.
 14396 | D:8      | Found a stormy altar of Qazlal.
 14680 | Lair:1   | Entered Level 1 of the Lair of Beasts
 14721 | Lair:1   | Reached skill level 1 in Invocations
 14850 | Lair:1   | You fall through a shaft!
 14957 | Lair:1   | Reached skill level 10 in Fighting
 14957 | Lair:1   | Reached XP level 11. HP: 76/118 MP: 16/16
 15128 | Lair:1   | Found a dark tunnel.
 15213 | Volcano  | Entered a volcano
 15412 | Volcano  | HP: 3/123 [burnt (9)]
 16102 | Lair:1   | Learned a level 3 spell: Gell's Gravitas
 16910 | Lair:2   | Noticed a seven-headed hydra
 17824 | Lair:3   | Found a deep blue altar of Sif Muna.
 17950 | D:9      | Noticed a hill giant
 17983 | D:8      | Killed a hill giant
 17983 | D:8      | Received a gift from Okawaru
 18606 | D:9      | Found a staircase to the Orcish Mines.
 18635 | D:9      | Found Xaxzieneil's Food Boutique.
 18755 | D:9      | Received a gift from Okawaru
 19145 | Orc:1    | Entered Level 1 of the Orcish Mines
 19166 | D:9      | Received a gift from Okawaru
 19364 | Orc:1    | Reached XP level 12. HP: 63/139 MP: 14/17
 19826 | Orc:1    | Noticed an orc knight
 20313 | D:9      | Received a gift from Okawaru
 20522 | Orc:1    | Reached skill level 10 in Throwing
 22284 | Orc:3    | Noticed an orc high priest
 22325 | Orc:3    | Paralysed by an orc sorcerer for 5 turns
 22333 | Orc:3    | Killed an orc high priest
 22589 | Orc:3    | You fall through a shaft!
 22589 | Orc:4    | Entered Level 4 of the Orcish Mines
 22785 | Orc:3    | Found a staircase to the Elven Halls.
 22835 | Orc:3    | Found a burning altar of Makhleb.
 23213 | Orc:1    | Killed an orc knight
 23665 | Orc:4    | Received a gift from Okawaru
 24853 | Orc:4    | Noticed an orc high priest
 25301 | Orc:4    | Killed an orc high priest
 25459 | Orc:4    | Noticed an orc high priest
 25648 | Orc:4    | Killed an orc high priest
 25648 | Orc:4    | Received a gift from Okawaru
 25715 | Orc:4    | Noticed an orc high priest
 25748 | Orc:4    | Reached skill level 5 in Dodging
 25920 | Orc:4    | Killed an orc high priest
 25920 | Orc:4    | Acquired Okawaru's second power
 26170 | Orc:4    | Found Teveuf's Food Emporium.
 26404 | Orc:4    | Found Meul Xiv's Antique Weapon Shop.
 26406 | Orc:4    | Found Ynurgheih's Food Emporium.
 26408 | Orc:4    | Found Jocliawn's Distillery.
 26433 | Orc:4    | Bought a potion of mutation for 25 gold pieces
 26771 | Lair:3   | Killed a seven-headed hydra
 26771 | Lair:3   | Received a gift from Okawaru
 26804 | Lair:2   | Reached XP level 13. HP: 117/146 MP: 18/18
 26974 | Lair:3   | Noticed Urug
 26982 | Lair:3   | Killed Urug
 26985 | Lair:3   | Noticed Nergalle
 27011 | Lair:3   | Killed Nergalle
 27234 | Lair:3   | Noticed Fannar
 27278 | Lair:3   | Killed Fannar
 27358 | Lair:3   | Reached skill level 15 in Maces & Flails
 27734 | Lair:4   | Received a gift from Okawaru
 27773 | Lair:4   | Noticed Maud
 27813 | Lair:4   | Killed Maud
 27866 | Lair:4   | Received a gift from Okawaru
 27889 | Lair:4   | Got an ebony giant club {god gift}
 27890 | Lair:4   | Identified the +11 giant club of Offence {pain, rF+ rC- Str+8 Stlth+} (Okawaru gifted it to you on level 4 of the Lair of Beasts)
 27922 | Lair:4   | Reached skill level 16 in Maces & Flails
 28265 | Lair:4   | Identified a scroll of acquirement
 28671 | Lair:5   | Reached skill level 17 in Maces & Flails
 28722 | Lair:5   | Received a gift from Okawaru
 28946 | Lair:5   | You fall through a shaft for 2 floors!
 29162 | Lair:7   | Found a frozen archway.
 29264 | IceCv    | Entered an ice cave
 29480 | Lair:7   | Reached skill level 18 in Maces & Flails
 29750 | Lair:6   | Found a hole to the Spider Nest.
 29762 | Lair:6   | Reached XP level 14. HP: 125/156 MP: 19/19
 30163 | Lair:6   | Reached skill level 19 in Maces & Flails
 30198 | Lair:6   | Received a gift from Okawaru
 30207 | Lair:6   | Got an encrusted giant club {god gift}
 30209 | Lair:6   | Identified the +2 giant club of Mourning {flame, rF+ rC+ MR-} (Okawaru gifted it to you on level 6 of the Lair of Beasts)
 30833 | Lair:5   | Found a staircase to the Swamp.
 32365 | Lair:8   | Entered Level 8 of the Lair of Beasts
 32365 | Lair:8   | Found a staircase to the Slime Pits.
 32761 | Lair:8   | Reached skill level 20 in Maces & Flails
 32786 | Lair:8   | Received a gift from Okawaru
 34063 | Lair:8   | Reached skill level 10 in Dodging
 34215 | Lair:8   | Got a dull robe
 34226 | Lair:8   | Identified the +4 robe "Gaaskeu" {-Tele rN++ Int+7} (You found it on level 8 of the Lair of Beasts)
 34374 | Lair:8   | Identified a +6 rod of clouds (14/14) (You found it on level 8 of the Lair of Beasts)
 34638 | Lair:2   | Reached XP level 15. HP: 149/165 MP: 20/20
 34754 | D:10     | Entered Level 10 of the Dungeon
 35195 | D:10     | Reached skill level 15 in Fighting
 35242 | D:10     | Received a gift from Okawaru
 35358 | D:10     | Found a shadowy altar of Dithmenos.
 35462 | D:11     | Reached skill level 1 in Evocations
 35633 | D:11     | Received a gift from Okawaru
 36788 | D:12     | Received a gift from Okawaru
 37343 | D:13     | Received a gift from Okawaru
 37347 | D:13     | Reached skill level 5 in Evocations
 37348 | D:13     | Found Xeecuekk's Book Shop.
 37774 | D:13     | Received a gift from Okawaru
 37854 | D:13     | Found a gate to the Vaults.
 38259 | D:14     | Received a gift from Okawaru
 38607 | D:14     | Received a gift from Okawaru
 39339 | D:14     | Found Seuh's Antique Weapon Shoppe.
 39429 | D:15     | Entered Level 15 of the Dungeon
 39483 | D:15     | Noticed Kirke
 39510 | D:15     | Killed Kirke
 39537 | D:15     | Received a gift from Okawaru
 39688 | D:15     | Noticed Josephine
 39706 | D:15     | Received a gift from Okawaru
 39707 | D:15     | Got a distressingly furry large shield {god gift}
 39718 | D:15     | Killed Josephine
 39732 | D:15     | Identified the +6 large shield of Devotion {rElec Str+8 Dex-4} (Okawaru gifted it to you on level 15 of the Dungeon)
 39889 | D:15     | Found a staircase to the Depths.
 39892 | D:15     | Reached XP level 16. HP: 164/176 MP: 22/22
 40973 | Swamp:1  | Entered Level 1 of the Swamp
 41363 | Swamp:1  | Reached skill level 10 in Evocations
 42352 | Swamp:2  | Noticed Roxanne
 42645 | Swamp:2  | Received a gift from Okawaru
 43484 | Swamp:2  | Received a gift from Okawaru
 43655 | Swamp:2  | Noticed a thorn hunter
 44053 | Swamp:2  | Killed a thorn hunter
 44053 | Swamp:2  | Reached skill level 5 in Translocations
 44856 | Swamp:3  | Learned a level 1 spell: Apportation
 45259 | Swamp:3  | Reached skill level 1 in Armour
 45353 | Swamp:4  | Noticed Jorgrun
 45367 | Swamp:4  | Killed Jorgrun
 45746 | Swamp:4  | Reached XP level 17. HP: 167/184 MP: 25/25
 45992 | Swamp:4  | Reached skill level 5 in Armour
 46433 | Swamp:5  | Entered Level 5 of the Swamp
 46501 | Swamp:5  | Reached skill level 1 in Hexes
 46829 | Swamp:5  | Received a gift from Okawaru
 46851 | Swamp:5  | Got an ominously black robe {god gift}
 46868 | Swamp:5  | Identified the +1 robe of the Six Gods {Str+4} (Okawaru gifted it to you on level 5 of the Swamp)
 46902 | Swamp:5  | Noticed a tentacled monstrosity
 46915 | Swamp:5  | Killed a tentacled monstrosity
 46967 | Swamp:5  | Reached skill level 5 in Hexes
 47468 | Swamp:5  | Got a decaying rune of Zot
 47759 | Lair:2   | Learned a level 2 spell: Slow
 47764 | Lair:2   | Learned a level 4 spell: Cause Fear
 47764 | Lair:2   | Upgraded the game from 0.17-a0-764-gd40c196 to 0.17-a0-776-gd86b262
 47941 | Spider:1 | Entered Level 1 of the Spider Nest
 49371 | Spider:1 | Reached XP level 18. HP: 164/193 MP: 26/26
 49622 | Spider:2 | Noticed Arachne
 49636 | Spider:2 | Killed Arachne
 49636 | Spider:2 | Received a gift from Okawaru
 49881 | Spider:2 | Noticed Norris
 49898 | Spider:2 | Killed Norris
 49898 | Spider:2 | Reached skill level 10 in Armour
 50840 | Spider:3 | Received a gift from Okawaru
 51583 | Spider:3 | Received a gift from Okawaru
 52430 | Spider:4 | Received a gift from Okawaru
 52465 | Spider:5 | Entered Level 5 of the Spider Nest
 52584 | Spider:5 | Received a gift from Okawaru
 53476 | Spider:5 | Received a gift from Okawaru
 53724 | Spider:5 | Reached XP level 19. HP: 192/204 MP: 0/28
 53839 | Spider:5 | Got a gossamer rune of Zot
 54501 | Vaults:1 | Entered Level 1 of the Vaults
 55946 | Vaults:1 | Found Jasines's Distillery.
 56270 | Vaults:1 | Received a gift from Okawaru
 56295 | Vaults:1 | Learned a level 3 spell: Tukima's Dance
 56759 | Vaults:1 | Got a dazzling large shield
 56766 | Vaults:1 | Identified the +0 large shield "Miomec" {rF- rN+ Int+4 Dex+3 Stlth-} (You acquired it on level 1 of the Vaults)
 57414 | Vaults:2 | Received a gift from Okawaru
 57957 | Vaults:1 | Received a gift from Okawaru
 58025 | Vaults:1 | Reached XP level 20. HP: 199/213 MP: 31/31
 58043 | Vaults:1 | Received a gift from Okawaru
 58047 | Vaults:1 | Got a smoking dire flail {god gift}
 58048 | Vaults:1 | Identified the +2 dire flail of the Hummingbird {crush, rC++ Dex-4} (Okawaru gifted it to you on level 1 of the Vaults)
 58363 | Vaults:2 | Reached skill level 15 in Evocations
 58920 | Vaults:1 | Learned a level 6 spell: Invisibility
 60285 | Vaults:2 | Found a staircase to the Crypt.
 60373 | Vaults:3 | Received a gift from Okawaru
 60631 | Vaults:3 | Found a staircase to the Crypt.
 60641 | Vaults:3 | Killed from afar by an ancient champion

Action                   |  1- 3 |  4- 6 |  7- 9 | 10-12 | 13-15 | 16-18 | 19-21 || total
-------------------------+-------+-------+-------+-------+-------+-------+-------++-------
Melee: Unarmed           |    24 |       |       |       |       |       |       ||    24
       Whip              |    73 |    21 |       |    84 |       |       |       ||   178
       Dagger            |       |    86 |    11 |       |       |       |       ||    97
       Flail             |       |    33 |   335 |  1064 |       |       |       ||  1432
       Giant spiked club |       |       |       |     6 |    91 |       |       ||    97
       Giant club        |       |       |       |       |   785 |  1092 |   521 ||  2398
       Great mace        |       |       |       |       |    54 |       |       ||    54
 Fire: Blowgun           |       |       |       |    27 |    19 |    22 |       ||    68
Throw: Stone             |     8 |    27 |   143 |   162 |    84 |       |       ||   424
       Tomahawk          |       |     1 |     5 |    51 |   150 |   184 |    70 ||   461
       Large rock        |       |       |       |    18 |     1 |       |    44 ||    63
       Javelin           |       |       |       |       |    10 |     3 |       ||    13
 Cast: Magic Dart        |    43 |    65 |       |       |       |       |       ||   108
       Blink             |       |     3 |     1 |    19 |    10 |    18 |    14 ||    65
       Slow              |       |       |       |       |       |     6 |       ||     6
       Gell's Gravitas   |       |       |       |       |       |     3 |       ||     3
Invok: Heroism           |       |       |       |     3 |     1 |     3 |     1 ||     8
 Abil: Evoke Invisibilit |       |       |       |       |       |     2 |       ||     2
Evoke: Wand              |       |       |     7 |     8 |     1 |     4 |       ||    20
       Rod               |       |       |       |       |     2 |    20 |    18 ||    40
  Use: Scroll            |       |       |     5 |    17 |    18 |    19 |     4 ||    63
       Potion            |       |       |       |     4 |       |       |     2 ||     6
 Stab: Sleeping          |       |       |     3 |     1 |    18 |     7 |     1 ||    30
       Distracted        |       |       |       |       |     2 |     2 |       ||     4
       Confused          |       |       |       |       |     1 |     1 |       ||     2
       Invisible         |       |       |       |       |       |     2 |       ||     2
       Paralysed         |       |       |       |       |       |     7 |       ||     7
  Eat: Chunk             |     3 |    12 |    18 |    44 |    45 |    46 |    28 ||   196
       Fruit             |       |       |       |     7 |     2 |    12 |       ||    21
       Meat ration       |       |       |       |       |       |     1 |       ||     1
       Royal jelly       |       |       |       |       |       |       |     1 ||     1
       Pizza             |       |       |       |       |       |       |     1 ||     1
